cohdb
Replays
Latest Replays
All Replays
Popular Replays
Top Player Replays
Match Explorer
How It Works
Community
CoH3 Stats
Reddit
Sign in to upload your games and track your stats! →
Sign in with Steam
Match 44614407
Unlisted
Match 44614407
Overview
Messages
Build Orders
End
Royal Engineer Section
Construct Section Command Post
Dingo Light Scout Car
ML 3-inch Mortar Team
Infantry Section
Construct Platoon Command Post
Unlock M3 Stuart Light Tanks
Selects Heavy Armor Battlegroup
Selects Light Vehicle Withdraw and Refit
Selects Rigorous Vehicle Training
M3 Stuart Light Tank
Infantry Section
CMP 15cwt Truck
Selects Radio Net
Grenade Package
M3 Stuart Light Tank
Light Vehicle Training
Selects Forward Repair Assembly
M3 Stuart Light Tank
M3 Stuart Light Tank
Royal Engineer Section
Infantry Section
Selects UNKNOWN (2162094)
Selects Recon Artillery
6-pounder Anti-tank Gun Team
M3 Stuart Light Tank
M3 Stuart Light Tank
6-pounder Anti-tank Gun Team
Etgo
Hk
Jarkke
Setti-Veke
jackson.gap
Anonym0usH
Paahod
啊?
0
0
Comments
sign in to comment!
No comments posted yet!